 Dungeon Crawl Stone Soup version 0.28-a0-1087-gf3fc490d9d (webtiles) character file.

Game seed: 2603556763223835927

345 ytrimaz the Insei (level 6, -4/61 HPs)
             Began as an Octopode Transmuter on Dec 10, 2021.
             Shot with an arrow by a centaur (8 damage)
             ... on level 4 of the Dungeon.
             The game lasted 00:03:38 (3505 turns).

ytrimaz the Insei (Octopode Transmuter)             Turns: 3505, Time: 00:03:38

Health: -4/61      AC: 23    Str: 10    XL:     6   Next: 58%
Magic:  3/11       EV:  2    Int: 17    God:
Gold:   124        SH:  0    Dex: 18    Spells: 2/12 levels left

rFire   . . .      SeeInvis .     - Unarmed
rCold   . . .      Faith    .   (no shield)
rNeg    . . .      Spirit   .   (helmet currently unavailable)
rPois   +          Reflect  .   (no amulet)
rElec   .          Harm     .   c - +4 ring of slaying
rCorr   .          Rampage  .   d - +6 ring of dexterity
Will    .....      NoTele   +   (no ring)
Stlth   ++........              (no ring)
HPRegen 0.20/turn               (no ring)
MPRegen 0.12/turn               (no ring)
                                (no ring)
                                (no ring)

@: tree-form, very slightly contaminated
A: stationary, stasis, torment immunity, boosted hp, almost no armour,
(amphibious), 8 rings, (camouflage 1), (gelatinous body 1), (nimble swimmer 1),
(tentacles)
a: no special abilities


You were on level 4 of the Dungeon.
You were a tree.
You visited 1 branch of the dungeon, and saw 4 of its levels.

You collected 124 gold pieces.

Inventory:

Jewellery
 c - a +4 ring of slaying (left branch)
 d - a +6 ring of dexterity (right branch)
Scrolls
 f - a scroll of blinking
Potions
 e - a potion of resistance
 g - a potion of brilliance


   Skills:
 * Level 2.4 Fighting
 * Level 2.5 Dodging
 + Level 4.2 Unarmed Combat
 * Level 3.9 Spellcasting
 * Level 3.6 Transmutations


You had 2 spell levels left.
You knew the following spells:

 Your Spells              Type           Power      Damage    Failure   Level
a - Beastly Appendage     Tmut           30%        N/A       3%          1
b - Wereblood             Tmut           15%        N/A       5%          2
c - Spider Form           Tmut/Pois      9%         N/A       22%         3
d - Ice Form              Ice/Tmut       9%         N/A       58%         4

Your spell library contained the following spells:

 Spells                   Type           Power      Damage    Failure   Level
 Magic Dart               Conj           12%        1d3       16%         1
 Call Imp                 Summ           3%         N/A       24%         2
 Mephitic Cloud           Conj/Pois/Air  3%         N/A       43%         3


Dungeon Overview and Level Annotations

Branches:
Dungeon (4/15)
 Temple: D:4-7

Altars:

Shops:
D:1 ?   D:2 :

Annotations:
D:4 1 exclusion


Innate Abilities, Weirdness & Mutations

You are a tree.
Your roots penetrate the ground, keeping you stationary.
You cannot be teleported.
You are immune to unholy pain and torment.
Your maximum health is greatly increased.
You cannot wear most types of armour.
((You are amphibious.))
You can wear up to eight rings at the same time.
((Your skin changes colour to match your surroundings (Stealth+).))
((Your rubbery body absorbs attacks. (AC +1, EV +1)))
((You are camouflaged near water. (Stealth+)))
((You have tentacles for arms and can constrict up to eight enemies at once.))


Message History

Unknown command.
Your transformation is almost over.
You warm up again.
An endoplasm is nearby!
An endoplasm is nearby!
An endoplasm is nearby!
Casting: Ice Form (extremely dangerous; 58% risk of failure)
Confirm with . or Enter, or press ? or * to list all spells.
The spell is extremely dangerous to miscast (58% risk of failure)!
Continue anyway?
You miscast Ice Form.
You are very lightly contaminated with residual magic.
Your body is twisted painfully.
The endoplasm quivers.
The centaur shoots an arrow.
The arrow closely misses you.
The centaur shoots an arrow.
The arrow hits you!
Unknown command.
Casting: Ice Form (extremely dangerous; 58% risk of failure)
Confirm with . or Enter, or press ? or * to list all spells.
The spell is extremely dangerous to miscast (58% risk of failure)!
Continue anyway?
You miscast Ice Form.
You shiver with cold!
* * * LOW HITPOINT WARNING * * *
The centaur shoots an arrow.
The arrow hits you!
* * * LOW HITPOINT WARNING * * *
Unknown command.
Unknown command.
It was a potion of lignification.
You turn into a tree.
Your roots penetrate the ground.
The endoplasm freezes you.
You are frozen.
* * * LOW HITPOINT WARNING * * *
The centaur shoots an arrow.
The arrow hits you but does no damage.
Unknown command.
Unknown command.
Unknown command.
You smack the endoplasm!
You kill the endoplasm!
The centaur shoots an arrow.
The arrow hits you but does no damage.
Unknown command.
The centaur shoots an arrow.
The arrow hits you!
You die...

#...# #..## #..#
#..# ##.c##
#....## #.....##
#......##
#....♣..#
##......#
##.....## ###....#
#....#############
##...)..)........#
#......####......
#.....## ###....
#....## #....


You could see a centaur.

Vanquished Creatures
  Duvessa (D:4)
  An ogre (D:4)
  Dowan (D:4)
  A howler monkey zombie (D:3)
  3 adders
  A worm (D:3)
  2 dart slugs (D:2)
  4 bats
  7 endoplasms
  3 giant cockroaches
  11 goblins
  2 hobgoblins (D:3)
  5 jackals
  2 quokkas (D:3)
  10 ball pythons
  2 frilled lizards
  5 kobolds
  6 rats
67 creatures vanquished.

Notes
Turn   | Place    | Note
-------+----------+-------------------------------------------
     0 | D:1      | ytrimaz the Octopode Transmuter began the quest for the
                  | Orb.
     0 | D:1      | Reached XP level 1. HP: 13/13 MP: 3/3
    70 | D:1      | Reached XP level 2. HP: 12/18 MP: 5/5
    73 | D:1      | Learned a level 2 spell: Wereblood
   433 | D:1      | Found a faded altar of an unknown god.
   445 | D:1      | Found Ixkew's Magic Scroll Boutique.
   932 | D:1      | Reached XP level 3. HP: 23/23 MP: 4/6
  1019 | D:1      | Learned a level 3 spell: Spider Form
  1844 | D:2      | Reached XP level 4. HP: 26/29 MP: 5/7
  1900 | D:2      | Found Loijysm's Book Shoppe.
  3077 | D:4      | Noticed an ogre
  3087 | D:4      | Killed an ogre
  3088 | D:4      | Reached skill level 4 in Unarmed Combat
  3088 | D:4      | Reached XP level 5. HP: 34/34 MP: 3/9
  3175 | D:4      | Learned a level 4 spell: Ice Form
  3202 | D:4      | Noticed a centaur
  3204 | D:4      | Noticed Duvessa
  3382 | D:4      | Noticed Dowan
  3383 | D:4      | Killed Duvessa
  3384 | D:4      | Reached XP level 6. HP: 41/41 MP: 5/11
  3388 | D:4      | Killed Dowan
  3505 | D:4      | Shot with an arrow by a centaur

Illustrated notes

Levels and vault maps discovered:
D:1:      pf_arrival_petrified_forest, layout_basic,
          hellmonk_ecumenical_altar_inner_sanctum, serial_shops, shop
D:2:      layout_loops_ring, serial_shops, shop,
          minmay_fractal_squares_gapless_5
D:3:      layout_rooms, serial_glass, glass_columns_b, glass_columns_c,
          glass_columns_c, glass_columns_a, grunt_decor_fettered
D:4:      layout_layer_cave, chequers_serial_rivers_marsh,
          hangedman_feature_mirror, uniq_eustachio, uniq_pikel, uniq_duvessa

Skill      XL: |  1  2  3  4 |
---------------+-------------+-----
Fighting       | 2 |  2.4
Unarmed Combat | 4 |  4.2
Spellcasting   | 3 |  3.9
Transmutations | 3 |  3.6
Dodging        | |  2.5

Action                   |  1- 3 |  4- 6 || total
-------------------------+-------+-------++-------
Melee: Unarmed           |    70 |    49 ||   119
       Tentacles         |    21 |     6 ||    27
       Constrict         |    22 |    11 ||    33
       Kick              |     6 |     5 ||    11
       Punch             |     1 |       ||     1
 Cast: Beastly Appendage |    17 |    14 ||    31
       Wereblood         |     1 |     1 ||     2
       Spider Form       |       |     1 ||     1
       Ice Form          |       |     1 ||     1
  Use: Scroll            |     3 |     5 ||     8
       Potion            |       |     1 ||     1
 Stab: Sleeping          |     9 |     6 ||    15
Armor: Skin              |     4 |     4 ||     8
Dodge: Dodged            |    49 |    25 ||    74

Table legend: (Time is in decaauts)
 A = Elapsed time spent in this place.
 B = Non-inter-level travel time spent in this place.
 C = Inter-level travel time spent in this place.
 D = Time resting spent in this place.
 E = Time spent auto-exploring this place.
 F = Levels seen in this place.
 G = Mean time per level.
                   A        B        C        D        E       F      G
               +--------+--------+--------+--------+--------+-----+--------+
         Total |   3496 |   3462 |     34 |      0 |   2929 |   4 |  874.0 |
       Dungeon |   3496 |   3462 |     34 |      0 |   2929 |   4 |  874.0 |
               +--------+--------+--------+--------+--------+-----+--------+

Top non-repeatable levels by time:
     D:1: 1204 daAuts
     D:3: 941 daAuts
     D:2: 846 daAuts
     D:4: 503 daAuts
